 Dungeon Crawl Stone Soup version 0.26.1-2-gb8aa6d0cf2 (webtiles) character file.

Game seed: 6856493837229994631

1584 Martska the Skirmisher (level 8, -17/87 HPs)
             Began as an Ogre Hunter on Mar 12, 2021.
             Was a Follower of the Shining One.
             Demolished by an ice beast (21 damage)
             ... on level 6 of the Dungeon.
             The game lasted 00:14:50 (9880 turns).

Martska the Skirmisher (Ogre Hunter)                Turns: 9880, Time: 00:14:50

Health: -17/87     AC:  3    Str: 19    XL:     8   Next: 92%
Magic:  10/10      EV: 11    Int: 12    God:    the Shining One [*.....]
Gold:   322        SH:  0    Dex:  9    Spells: 7/7 levels left

rFire    + . .     SeeInvis .   c - +0 flail
rCold    x . .     Faith    .   (no shield)
rNeg     . . .     Spirit   .   b - +0 robe
rPois    .         Reflect  .   (helmet restricted)
rElec    .         Harm     .   (no cloak)
rCorr    .         Rampage  .   (gloves unavailable)
Will     .....                  (boots unavailable)
Stlth    +.........             (no amulet)
HPRegen  0.24/turn              s - ring of fire
MPRegen  0.12/turn              (no ring)

@: glowing
A: large, unfitting armour, tough skin 1
a: Renounce Religion


You were on level 6 of the Dungeon.
You worshipped the Shining One.
The Shining One was aware of your devotion.
You visited 2 branches of the dungeon, and saw 7 of its levels.

You collected 322 gold pieces.

Inventory:

Hand Weapons
 a - a +0 short sword
 c - a +0 flail (weapon)
 f - a +0 club
 o - a +0 whip
Missiles
 d - 23 boomerangs (quivered)
 x - a throwing net
 y - 4 large rocks
 z - 3 silver javelins
Armour
 b - a +0 robe (worn)
Jewellery
 g - a -4 ring of dexterity
 s - a ring of fire (left hand)
Wands
 j - a wand of polymorph (5)
Scrolls
 l - 3 scrolls of identify {unknown}
 m - a scroll of noise {unknown}
 n - a scroll of amnesia
 q - 2 scrolls of blinking
 t - 2 scrolls of immolation {unknown}
 u - a scroll of magic mapping {unknown}
 w - a scroll of remove curse
Potions
 e - 2 potions of mutation {unknown}
 h - 3 potions of curing {unknown}
 i - 4 potions of heal wounds {unknown}
 k - 2 potions of degeneration {unknown}
 p - 2 potions of might {unknown}
 r - 2 potions of cancellation {unknown}
 v - a potion of haste {unknown}


   Skills:
 * Level 7.3 Fighting
 * Level 4.4 Maces & Flails
 * Level 6.5 Throwing
 * Level 5.0 Dodging
 - Level 0.6 Stealth
 * Level 3.3 Invocations


You had 7 spell levels left.
You didn't know any spells.
Your spell library contained the following spells:

 Spells                   Type           Power        Failure   Level
 Corona                   Hex            0%           32%         1
 Ensorcelled Hibernation  Hex/Ice        0%           45%         2
 Confusing Touch          Hex            0%           69%         3
 Dazzling Flash           Conj/Hex       0%           69%         3
 Tukima's Dance           Hex            0%           69%         3


Dungeon Overview and Level Annotations

Branches:
Dungeon (6/15)             Temple (1/1) D:5

Altars:
Ashenzari
Cheibriados
Dithmenos
Elyvilon
Fedhas
Gozag
Hepliaklqana
Kikubaaqudgha
Makhleb
Nemelex Xobeh
Okawaru
Qazlal
Ru
Sif Muna
Trog
Uskayaw
Vehumet
Wu Jian
Xom
Yredelemnul
Zin
The Shining One

Annotations:
D:6 exclusion: oklob plant


Innate Abilities, Weirdness & Mutations

You are too large for most types of armour.
You have tough skin. (AC +1)


Message History

The ice beast hits you. The ice beast freezes you!!
You feel a terrible chill!
You thump the ice beast!
The ice beast is almost dead.
The ice beast hits you. The ice beast freezes you!
You feel a terrible chill!
* * * LOW HITPOINT WARNING * * *
You hit the ice beast but do no damage.
The ice beast is almost dead.
The ice beast hits you.
* * * LOW HITPOINT WARNING * * *
The ice beast freezes you!
You feel a terrible chill!
* * * LOW HITPOINT WARNING * * *
You hit the ice beast but do no damage.
The ice beast is almost dead.
The ice beast barely misses you. The ice beast misses you.
You barely miss the ice beast.
The ice beast is almost dead.
The ice beast hits you.
* * * LOW HITPOINT WARNING * * *
The ice beast freezes you!!
You feel a terrible chill!
You die... #PPPPPPPP♣PP#PP.PP# #..... ###PP#♣ #P♣♣#PPPPP.# #.###.
P.
PP♣ PPPPPP♣P#

#.# ## ### ########
# #.# #
#.########## #.# #
.......... #.#
#<...#########.####
#$................
#@#.#########.####
#...Y....... #.#
#.!.##.#...... #.#
### #.####### #.#
#.# #######.####
#.. ............
### ###########. #(
#.


You could see an ice beast.

Vanquished Creatures
  Menkaure (D:5)
  A sky beast (D:5)
  3 necrophages
  3 centaurs
  A bullfrog (D:6)
  A scorpion (D:5)
  A water moccasin skeleton (D:6)
  A hound (D:6)
  3 orc priests
  A gnoll shaman (D:4)
  An iguana (D:5)
  Natasha (thrice) (D:2)
  3 orc wizards
  3 worker ants
  A hound skeleton (D:5)
  5 adders
  8 gnolls (D:4)
  A shadow imp (D:5)
  3 white imps
  2 ufetubi (D:5)
  2 oozes
  2 worms
  3 dart slugs
  3 leopard geckos
  19 orcs
  3 giant cockroaches
  7 goblins
  8 hobgoblins
  4 jackals
  10 kobolds
  2 quokkas
  3 ball pythons
  13 bats
  5 frilled lizards
  A leopard gecko skeleton (D:5)
  A quokka zombie (D:5)
  11 rats
143 creatures vanquished.

Notes
Turn   | Place    | Note
-------+----------+-------------------------------------------
     0 | D:1      | Martska the Ogre Hunter began the quest for the Orb.
     0 | D:1      | Reached XP level 1. HP: 22/22 MP: 1/1
   283 | D:1      | Reached skill level 3 in Fighting
   488 | D:1      | Found a shimmering altar of Xom.
   493 | D:1      | Reached XP level 2. HP: 31/31 MP: 2/2
  1042 | D:1      | Reached XP level 3. HP: 37/37 MP: 3/3
  1742 | D:2      | Reached skill level 1 in Maces & Flails
  2085 | D:2      | Reached XP level 4. HP: 41/46 MP: 4/4
  2223 | D:2      | Noticed Natasha
  2226 | D:2      | Killed Natasha
  2619 | D:2      | Noticed Natasha
  2620 | D:2      | Killed Natasha
  2621 | D:2      | Reached skill level 4 in Fighting
  2715 | D:2      | Reached XP level 5. HP: 53/54 MP: 5/5
  2962 | D:2      | Noticed Natasha
  2966 | D:2      | Killed Natasha
  3518 | D:3      | Reached XP level 6. HP: 36/63 MP: 6/6
  3663 | D:3      | Noticed a necrophage
  3683 | D:3      | Killed a necrophage
  3684 | D:3      | Reached skill level 5 in Throwing
  3972 | D:3      | Found an opulent altar of Gozag.
  3991 | D:3      | Reached skill level 5 in Fighting
  4672 | D:3      | Found a faded altar of an unknown god.
  5125 | D:4      | Reached XP level 7. HP: 25/72 MP: 7/7
  5383 | D:4      | Found a hazy altar of Hepliaklqana.
  6401 | D:5      | Entered Level 5 of the Dungeon
  6448 | D:5      | Noticed Menkaure
  6620 | D:5      | Found a staircase to the Ecumenical Temple.
  6626 | Temple   | Entered the Ecumenical Temple
  6748 | Temple   | Became a worshipper of the Shining One
  7083 | D:5      | Reached skill level 6 in Fighting
  7083 | D:5      | Reached skill level 1 in Invocations
  7605 | D:5      | Reached XP level 8. HP: 17/84 MP: 9/9
  8038 | D:5      | Killed Menkaure
  8784 | D:6      | Reached skill level 7 in Fighting
  8854 | D:6      | Reached * piety under the Shining One
  9393 | D:6      | Found a blossoming altar of Fedhas.
  9410 | D:6      | Noticed an oklob plant
  9607 | D:6      | Reached skill level 5 in Dodging
  9880 | D:6      | HP: 4/87 [ice beast (4)]
  9880 | D:6      | Demolished by an ice beast

Illustrated notes

Levels and vault maps discovered:
D:1:      sevenhm_arrival_forest_fort_large_3, layout_loops_ring,
          xom_teletrap_fun
D:2:      layout_loops_ring, uniq_natasha
D:3:      layout_rooms, chequers_ecumenical_altar_simple, minivault_11,
          grunt_gozag_statues
D:4:      layout_basic, nzn_hepliaklqana_mist_gate, st_stairs_2
D:5:      layout_rooms, minmay_temple_entry_wispy, uniq_menkaure
D:6:      minmay_chambers_of_threes, layout_basic, tgw_fedhas
Temple:   kilobyte_greek_temple

Skill      XL: |  1  2  3  4  5  6  7  8 |
---------------+-------------------------+-----
Fighting       | 3 4 5 6 7 |  7.3
Dodging        | 2 3 4 5 |  5.0
Maces & Flails | 1 2 3 4 |  4.4
Throwing       | 5 6 |  6.5
Invocations    | 1 3 |  3.3
Stealth        | |  0.6

Action                   |  1- 3 |  4- 6 |  7- 9 || total
-------------------------+-------+-------+-------++-------
Melee: Short sword       |   133 |    50 |       ||   183
       Whip              |       |   164 |    11 ||   175
       Club              |       |     8 |       ||     8
       Flail             |       |       |   186 ||   186
Throw: Large rock        |     1 |    27 |    10 ||    38
       Throwing net      |       |     1 |     1 ||     2
       Boomerang         |       |       |    34 ||    34
       Javelin           |       |       |    13 ||    13
  Use: Scroll            |       |     4 |     4 ||     8
 Stab: Sleeping          |     2 |     1 |       ||     3
Armor: Robe              |    51 |    77 |    33 ||   161
Dodge: Dodged            |    82 |   134 |   145 ||   361
